 Dungeon Crawl Stone Soup version 0.31-a0-564-g3b7de120b3 (webtiles) character file.

Game seed: 5783597595316877823

2344 ytrimaz the Grappler (level 9, -9/53 HPs)
             Began as an Octopode Shapeshifter on Aug 18, 2023.
             Was an Initiate of Trog.
             Mangled by a yak (15 damage)
             ... on level 6 of the Dungeon.
             The game lasted 00:06:45 (5474 turns).

ytrimaz the Grappler (Octopode Shapeshifter)        Turns: 5474, Time: 00:06:45

Health: -9/53      AC:  1    Str: 17    XL:     9   Next: 43%
Magic:  9/9        EV: 17    Int: 16    God:    Trog [......]
Gold:   229        SH:  0    Dex: 20    Spells: 8/8 levels left

rFire   . .          .
                       - Unarmed
rCold   . . .        (no shield)
rNeg    . . .        (helmet currently unavailable)
rPois   .            (no amulet)
rElec   .            k - +6 ring of intelligence
rCorr   .            p - +6 ring of dexterity
SInv    .            (no ring)
Will    .....        (no ring)
Stlth   +++          (no ring)
HPRegen 0.28/turn    (no ring)
MPRegen 0.11/turn    (no ring)
                     (no ring)

%: no passive effects
@: beast-form
A: beast (slay +4), almost no armour, amphibious, 8 rings, camouflage 1,
gelatinous body 1, (nimble swimmer 1), tentacles
a: Begin Untransformation, Renounce Religion


You were on level 6 of the Dungeon.
You worshipped Trog.
Trog was noncommittal.
You were a hulking beast.
You visited 2 branches of the dungeon, and saw 7 of its levels.

You collected 229 gold pieces.


Innate Abilities, Weirdness & Mutations

You are a hulking beast.
Your limbs bulge with bestial killing power. (Slay +4)
You cannot wear most types of armour.
You are amphibious.
You can wear up to eight rings at the same time.
Your skin changes colour to match your surroundings (Stealth+).
Your rubbery body absorbs attacks. (AC +1, EV +1)
((You are camouflaged when in or above water. (Stealth+)))
You have tentacles for arms and can constrict up to eight enemies at once.


   Skills:
 - Level 1.0 Fighting
 + Level 6.2 Dodging
 + Level 8.3 Unarmed Combat
 + Level 7.1 Shapeshifting


You had 8 spell levels left.
You didn't know any spells.
Your spell library contained the following spells:

 Spells                   Type           Power      Damage    Failure   Level
 Necrotise                Necr           0%         1d4       26%         1
 Vampiric Draining        Necr           0%         2d6       58%         3
 Agony                    Necr           0%         N/A       100%        5
 Summon Forest            Summ/Tloc      0%         N/A       100%        5
 Summon Mana Viper        Hex/Summ       0%         N/A       100%        5
 Summon Cactus Giant      Summ           0%         N/A       100%        6

Inventory:

Missiles
 a - a throwing net
Jewellery
 k - a +6 ring of intelligence (left tentacle)
   (You found it on level 3 of the Dungeon)
 p - a +6 ring of dexterity (right tentacle)
   (You found it on level 5 of the Dungeon)
Talismans
 b - a beast talisman (active)
 c - a flux talisman
 o - a maw talisman
   (You found it on level 4 of the Dungeon)
Wands
 e - a wand of paralysis (22)
   (You took it off Ijyb on level 3 of the Dungeon)
Scrolls
 d - a scroll of amnesia
 f - a scroll of teleportation
 l - 2 scrolls of identify
 m - a scroll of fog
Potions
 h - a potion of brilliance
 n - a potion of haste

Dungeon Overview and Level Annotations

Branches:
Dungeon (6/15) Zot: 26254  Temple (1/1) D:6 Zot: 5957

Altars:
Cheibriados
Dithmenos
Elyvilon
Fedhas
Hepliaklqana
Kikubaaqudgha
Makhleb
Nemelex Xobeh
Okawaru
Qazlal
Ru
Sif Muna
Trog
Uskayaw
Vehumet
Wu Jian
Xom
Zin
The Shining One

# #...# ###.### ####....##
#...# #...######....#### ##
#.♣.# ###.##...<.####
.#####)♣.# #....##### #
.##....♣)# ##.....### ###
.#..##.♣.# #..###...# ##..
...>.#...# #.## ###.## #..#
##.#.#[..## #.# #..# ###.##
..........# #h# ##.###...#
#.##......# #Y# ##......###
...###....######.###....#.†###
.#...................#####..#
...##....###.Y...##..# ##.#
...###...#.Y.........# #.#
...# ##...Y#####..##.# #.#
######...### #...... #.#
####<.....# ..#####. #..


You could see a yak.


Message History

A yak comes into view.
An ice beast comes into view.
There is a stone staircase leading up here.
You bludgeon the yak! You squeeze the yak! The yak completely misses you.
You bludgeon the yak!
Your tentacle-slap misses the yak.
You squeeze the yak. The yak closely misses you.
Unknown command.
You barely miss the yak. You squeeze the yak.
You kill the yak!
Trog accepts your kill.
You tentacle-slap the ice beast. You barely miss the ice beast.
You tentacle-slap the ice beast. The ice beast barely misses you.
Unknown command.
You bludgeon the ice beast!
Your tentacle-slap misses the ice beast.
You squeeze the ice beast!
You kill the ice beast!
Trog accepts your kill.
The yak bellows!
The yak gores you.
There is a stone staircase leading up, spattered with blood here. 😕 HP[-2]
You take 2 damage, and now have 51/53 hp.
Unknown command.
You bludgeon the yak! Your squeeze misses the yak. The yak barely misses you.
Unknown command.
You tentacle-slap the yak but do no damage.
Your squeeze misses the yak. The yak closely misses you. 😕 HP[+1]
You tentacle-slap the yak. The yak barely misses you.
You bludgeon the yak! Your squeeze misses the yak. The yak gores you! 😮 HP[-13]
You take 13 damage, and now have 39/53 hp.
MASSIVE DAMAGE!! (PAUSE)
You tentacle-slap the yak. The yak barely misses you.
You barely miss the yak. 😕 HP[+1] Unknown command.
You tentacle-slap the yak. You tentacle-slap the yak!
You kill the yak!
Trog accepts your kill.
Your Unarmed Combat skill increases to level 8!
Unknown command.
You bludgeon the yak! The yak gores you! 😮 HP[-12]
You take 12 damage, and now have 28/53 hp.
MASSIVE DAMAGE!! (PAUSE)
You completely miss the yak. The yak barely misses you.
You tentacle-slap the yak but do no damage.
You squeeze the yak! The yak barely misses you. 😮 HP[+1]
You tentacle-slap the yak. The yak gores you!
* * * LOW HITPOINT WARNING * * *
😨 HP[-11]
You take 11 damage, and now have 18/53 hp.
MASSIVE DAMAGE!! (PAUSE)
You bludgeon the yak!
Unknown command.
You bludgeon the yak!
You kill the yak!
Trog accepts your kill.
Your Dodging skill increases to level 6!
Your Shapeshifting skill increases to level 7!
Okay, then.
You tentacle-slap the yak.
The yak barely misses you. 😨 HP[+1] Unknown command.
You tentacle-slap the yak. The yak barely misses you.
You barely miss the yak. You squeeze the yak. The yak gores you!
* * * LOW HITPOINT WARNING * * *
The yak snorts and paws the ground. 😱 HP[-13]
You take 13 damage, and now have 6/53 hp.
MASSIVE DAMAGE!! (PAUSE)
You tentacle-slap the yak.
Unknown command.
You feel better. The yak closely misses you. 😨 HP[+10]
You regained 10 hp, and now have 16/53 hp.
You bludgeon the yak! The yak gores you.
* * * LOW HITPOINT WARNING * * *
Unknown command.
You barely miss the yak. The yak gores you!
* * * LOW HITPOINT WARNING * * *
😱 HP[-11]
You take 11 damage, and now have 5/53 hp.
MASSIVE DAMAGE!! (PAUSE)
You tentacle-slap the yak. x2; Your squeeze misses the yak.
The yak completely misses you.
Unknown command.
You tentacle-slap the yak but do no damage.
You squeeze the yak!
You kill the yak!
Trog accepts your kill.
Unknown command.
Okay, then.
Unknown command.
You completely miss the yak. You squeeze the yak! The yak gores you!
You die...

Skill      XL: |  1  2  3  4  5  6  7  8  9 |
---------------+----------------------------+-----
Unarmed Combat | 4 5 6 7 8 |  8.3
Shapeshifting  | 4 5 6 7 |  7.1
Dodging        | 3 5 6 |  6.2
Fighting       | |  1.0

Action                     |  1- 3 |  4- 6 |  7- 9 || total
---------------------------+-------+-------+-------++-------
  Melee: Unarmed           |    68 |   130 |   128 ||   326
         Constrict         |    14 |    42 |    25 ||    81
         Tentacles         |     6 |    32 |    29 ||    67
         Punch             |     1 |     4 |    12 ||    17
    Use: Potion            |     4 |     1 |     7 ||    12
         Scroll            |     3 |       |     8 ||    11
   Stab: Sleeping          |     5 |     9 |     4 ||    18
         Invisible         |       |     2 |     3 ||     5
 Armour: Skin              |    29 |     3 |     2 ||    34
  Dodge: Dodged            |    47 |    60 |    78 ||   185

Levels and vault maps discovered:
D:1:      dpeg_arrival_castle, layout_loops_cross, serial_park_tiny_2
D:2:      layout_loops_ring, serial_glass, glass_columns_c, glass_columns_a,
          basic_altar, minmay_pentomino_o2
D:3:      layout_basic, basic_ecumenical_altar, uniq_jessica, uniq_robin,
          uniq_ijyb
D:4:      layout_basic, minmay_cupped
D:5:      layout_loops_ring, uniq_prince_ribbit1
D:6:      layout_rooms, mainiacjoe_overflow_boulevard,
          minmay_temple_entry_junction, serial_bayou_crossing, uniq_jeremiah
Temple:   regret_index_temple_mists

Notes
Turn   | Place    | Note
-------+----------+-------------------------------------------
     0 | D:1      | ytrimaz the Octopode Shapeshifter began the quest for the
                  | Orb.
     0 | D:1      | Reached XP level 1. HP: 13/13 MP: 1/1
     0 | D:1      | magus.rc [v1.9.6]
   194 | D:1      | Reached XP level 2. HP: 18/18 MP: 2/2
   573 | D:1      | Reached XP level 3. HP: 18/23 MP: 3/3
   877 | D:2      | Found a snail-covered altar of Cheibriados.
   896 | D:2      | HP: 4/23 [orc/+0 flail (2)]
  1119 | D:2      | HP: 5/23 [frozen (1)]
  1122 | D:2      | HP: 1/23 [hobgoblin (3)]
  1127 | D:2      | Reached skill level 4 in Unarmed Combat
  1127 | D:2      | Reached XP level 4. HP: 25/28 MP: 4/4
  1517 | D:3      | Noticed Robin
  1587 | D:3      | Killed Robin
  1588 | D:3      | Reached skill level 4 in Shapeshifting
  1709 | D:3      | Found a faded altar of an unknown god.
  1733 | D:3      | Reached XP level 5. HP: 11/33 MP: 5/5
  1903 | D:3      | Noticed Ijyb
  1903 | D:3      | Paralysed by Ijyb for 5 turns
  1915 | D:3      | Killed Ijyb
  2161 | D:3      | Noticed Jessica
  2167 | D:3      | Killed Jessica
  2447 | D:4      | Noticed a phantom
  2451 | D:4      | Killed a phantom
  2452 | D:4      | Reached skill level 5 in Unarmed Combat
  2452 | D:4      | Reached XP level 6. HP: 31/38 MP: 6/6
  3318 | D:4      | Reached skill level 5 in Shapeshifting
  3522 | D:5      | Entered Level 5 of the Dungeon
  3599 | D:5      | Reached XP level 7. HP: 36/43 MP: 7/7
  3724 | D:5      | Reached skill level 6 in Unarmed Combat
  3765 | D:5      | You pick up a book of the Wilderness and begin reading...
  3765 | D:5      | You add the spells Summon Forest, Summon Mana Viper and
                  | Summon Cactus Giant to your library.
  3787 | D:5      | Reached skill level 3 in Dodging
  3841 | D:5      | Identified the +1 robe "Lefak" {Dex+3}
  3883 | D:5      | Noticed Prince Ribbit
  3890 | D:5      | Killed Prince Ribbit
  3891 | D:5      | Reached XP level 8. HP: 30/48 MP: 8/8
  4243 | D:5      | Reached skill level 4 in Dodging
  4468 | D:5      | Reached skill level 6 in Shapeshifting
  4664 | D:6      | Noticed Jeremiah
  4671 | D:6      | Noticed a yak
  4794 | D:6      | Reached skill level 7 in Unarmed Combat
  4930 | D:6      | You pick up a book of Necromancy and begin reading...
  4930 | D:6      | You add the spells Necrotise, Vampiric Draining and Agony
                  | to your library.
  4969 | D:6      | Found an ornate altar of the Wu Jian Council.
  5000 | D:6      | HP: 8/46 [Jeremiah/+3 glaive of draining (13)]
  5005 | D:6      | Killed Jeremiah
  5006 | D:6      | Reached skill level 5 in Dodging
  5316 | D:6      | Found a staircase to the Ecumenical Temple.
  5326 | D:6      | Reached XP level 9. HP: 53/53 MP: 9/9
  5332 | Temple   | Entered the Ecumenical Temple
  5353 | Temple   | Became a worshipper of Trog the Wrathful
  5459 | D:6      | Reached skill level 8 in Unarmed Combat
  5465 | D:6      | Reached skill level 6 in Dodging
  5465 | D:6      | Reached skill level 7 in Shapeshifting
  5467 | D:6      | HP: 6/53 [yak (13)]
  5474 | D:6      | Mangled by a yak

Vanquished Creatures
  Jeremiah (D:6)
  Prince Ribbit (D:5)
  4 yaks (D:6)
  A steam dragon (D:6)
  A black bear (D:5)
  An ice beast (D:6)
  An ogre (D:5)
  2 phantoms
  2 scorpions (D:6)
  A jelly (D:4)
  2 orc priests
  A gnoll bouda (D:6)
  A sleepcap (D:5)
  Jessica (D:3)
  Ijyb (D:3)
  5 iguanas
  An orc wizard (D:5)
  Robin (D:3)
  11 gnolls
  5 adders
  A white imp (D:5)
  2 ufetubi (D:5)
  3 dart slugs
  21 orcs
  8 ball pythons
  10 endoplasms
  6 giant cockroaches
  8 hobgoblins
  6 kobolds
  2 quokkas
  8 bats
  2 frilled lizards
  14 goblins
  10 rats
145 creatures vanquished.

Table legend:
 A = Non-vault XP
 B = Vault XP
 C = Vault XP percentage of total XP
 D = Non-vault monster count
 E = Vault monster count
 F = Vault count percentage of total count
                 A         B        C        D         E       F
            +---------+---------+-------+---------+---------+-------
      Total |    2561 |     788 |  23.5 |     124 |      21 |  14.5
            +---------+---------+-------+---------+---------+-------
        D:1 |      35 |       0 |   0.0 |      23 |       0 |   0.0
        D:2 |      75 |       2 |   2.6 |      23 |       2 |   8.0
        D:3 |      77 |     110 |  58.8 |      16 |      15 |  48.4
        D:4 |     260 |       3 |   1.1 |      22 |       2 |   8.3
        D:5 |     699 |     291 |  29.4 |      19 |       1 |   5.0
        D:6 |    1415 |     382 |  21.3 |      21 |       1 |   4.5
            +---------+---------+-------+---------+---------+-------

Skill      XL: |  1  2  3  4  5  6  7  8  9 |
---------------+----------------------------+-----
Unarmed Combat | 4 5 6 7 8 |  8.3
Shapeshifting  | 4 5 6 7 |  7.1
Dodging        | 3 5 6 |  6.2
Fighting       | |  1.0

Action                     |  1- 3 |  4- 6 |  7- 9 || total
---------------------------+-------+-------+-------++-------
  Melee: Unarmed           |    68 |   130 |   128 ||   326
         Constrict         |    14 |    42 |    25 ||    81
         Tentacles         |     6 |    32 |    29 ||    67
         Punch             |     1 |     4 |    12 ||    17
    Use: Potion            |     4 |     1 |     7 ||    12
         Scroll            |     3 |       |     8 ||    11
   Stab: Sleeping          |     5 |     9 |     4 ||    18
         Invisible         |       |     2 |     3 ||     5
 Armour: Skin              |    29 |     3 |     2 ||    34
  Dodge: Dodged            |    47 |    60 |    78 ||   185

Illustrated notes

Table legend:
 A = Kills in this place as a percentage of kills in the entire game.
 B = Kills by you in this place as a percentage of kills by you in the entire game.
 C = Kills by friends in this place as a percentage of kills by friends in the entire game.
 D = Other kills in this place as a percentage of other kills in the entire game.
 E = Experience gained in this place as a percentage of experience gained in the entire game.
 F = Experience gained in this place divided by the number of levels of this place that you have seen.
                   A       B       C       D       E      F
               +-------+-------+-------+-------+-------+----------------------
         Total | 100.0 | 100.0 |   N/A |   N/A | 100.0 | 478.4
       Dungeon | 100.0 | 100.0 |   N/A |   N/A | 100.0 | 558.2
               +-------+-------+-------+-------+-------+----------------------

Table legend: (Time is in decaauts)
 A = Elapsed time spent in this place.
 B = Non-inter-level travel time spent in this place.
 C = Inter-level travel time spent in this place.
 D = Time resting spent in this place.
 E = Time spent auto-exploring this place.
 F = Levels seen in this place.
 G = Mean time per level.
                   A        B        C        D        E       F      G
               +--------+--------+--------+--------+--------+-----+--------+
         Total |   5402 |   5219 |    183 |    245 |   4012 |   7 |  771.7 |
       Dungeon |   5359 |   5216 |    143 |    245 |   4012 |   6 |  893.2 |
        Temple |     42 |      2 |     40 |      0 |      0 |   1 |   42.0 |
               +--------+--------+--------+--------+--------+-----+--------+

Top non-repeatable levels by time:
     D:5: 1127 daAuts
     D:4: 1092 daAuts
     D:3: 919 daAuts
     D:1: 804 daAuts
     D:6: 745 daAuts
     D:2: 670 daAuts
  Temple: 42 daAuts
